 Dungeon Crawl Stone Soup version 0.30-b1-2-g02819fbbbe (webtiles) character file.

Game seed: 9015177153273048926

2075748 anoamas321 the Hoplite (level 24, 235/235 HPs)
             Began as a Minotaur Fighter on Sept 22, 2023.
             Was the Champion of Jiyva.
             Escaped with the Orb
             ... and 3 runes on Sept 25, 2023!
             The game lasted 03:34:35 (44112 turns).

anoamas321 the Hoplite (Minotaur Fighter)          Turns: 44112, Time: 03:34:35

Health: 235/235    AC: 41    Str: 38    XL:     24   Next: 72%
Magic:  22/22      EV: 22    Int:  4    God:    Jiyva [******]
Gold:   2944       SH: 24    Dex: 15    Spells: 23/23 levels left

rFire   + + +        O - +9 broad axe (vamp)
rCold   + + +        A - +1 tower shield
rNeg    . . .        V - +5 gold dragon scales
rPois   +            (helmet unavailable)
rElec   +            x - +1 cloak {Will+}
rCorr   +            o - +0 pair of gloves of the Black Moon {SInv}
SInv    +            l - +3 pair of mountain boots {steadfast, rC+}
Will    ++...        i - amulet of Xom's Capriciousness {Spirit Contam Rampage rPois rF+++} Stlth
                     a - ring of Ulikla {rElec EV+5 Str+3 Slay+3}
HPRegen 2.19/turn    b - +4 ring of slaying
MPRegen 0.68/turn

%: resist mutation, guardian spirit, rampage
@: no status effects
A: horns 3, retaliatory headbutt, iridescent scales 1, agile 1, cold resistance
2, mutation resistance 3, passive freeze, strong 2, eyeballs 3, translucent skin
3
0: Orb of Zot
}: 3/15 runes: decaying, serpentine, slimy
a: Renounce Religion, Oozemancy, Slimify


You escaped.
You worshipped Jiyva.
Jiyva was exalted by your worship.
You visited 10 branches of the dungeon, and saw 51 of its levels.
You visited 1 bazaar.
You also visited: Sewer, Bailey and Ice Cave.

You collected 4290 gold pieces.
You spent 1346 gold pieces at shops.

Inventory:

Hand Weapons
 c - the +6 war axe "Zaom" {spect, rF+ Will+}
   (You found it on level 3 of the Elven Halls)

   rF:        It protects you from fire.
   Will:      It increases your willpower.
 r - a +2 spear of venom
 O - a +9 vampiric broad axe (weapon)
Missiles
 m - 57 poisoned darts
 J - 8 curare-tipped darts (quivered)
 M - 3 throwing nets
 R - 18 boomerangs
Armour
 l - the +3 pair of mountain boots (worn) {steadfast, rC+}
   (You found it in an ice cave)

   Steadfast: It prevents involuntary movement, except for blinking,
   teleportation, or banishment.
   rC:        It protects you from cold.
 o - the +0 pair of gloves of the Black Moon (worn) {SInv}
   (You acquired it on level 4 of the Depths)

   SInv:      It lets you see invisible.
 x - a +1 cloak of willpower (worn)
 A - a +1 tower shield (worn)
 F - a +2 pair of gloves
 V - +5 gold dragon scales (worn)
Jewellery
 a - the ring of Ulikla (left hand) {rElec EV+5 Str+3 Slay+3}
   (You found it on level 5 of the Pits of Slime)

   [ring of evasion]

   EV:        It affects your evasion (+5).
   Str:       It affects your strength (+3).
   Slay:      It affects your accuracy & damage with ranged weapons and melee
   (+3).
   rElec:     It insulates you from electricity.
 b - a +4 ring of slaying (right hand)
 i - the amulet of Xom's Capriciousness (around neck) {Spirit Contam Rampage rPois rF+++}
   (You found it on level 4 of the Vaults)

   [amulet of guardian spirit]

   It causes incoming damage to be divided between your reserves of health and
   magic.
   rF:        It renders you almost immune to fire.
   rPois:     It protects you from poison.
   Contam:    It causes magical contamination when unequipped.
   Rampage:   It bestows one free step when moving towards enemies.
 u - a ring of flight
 y - a ring of poison resistance
 G - a ring of see invisible
 Y - the ring "Plog" {rPois rC+ Will+ Str+2}
   (You found it on level 2 of the Depths)

   [ring of willpower]

   Str:       It affects your strength (+2).
   rC:        It protects you from cold.
   rPois:     It protects you from poison.
   Will:      It increases your willpower.
Wands
 v - a wand of iceblast (26)
 C - a wand of mindburst (9)
 Q - a wand of charming (13)
 S - a wand of acid (25)
 U - a wand of polymorph (23)
Scrolls
 e - 4 scrolls of poison
 f - 11 scrolls of teleportation
 n - 2 scrolls of magic mapping
 z - 2 scrolls of blinking
 D - 5 scrolls of fear
 I - 6 scrolls of fog
 K - 2 scrolls of brand weapon
 P - 2 scrolls of summoning
 X - a scroll of silence
 Z - a scroll of immolation
Potions
 d - 9 potions of might
 h - 5 potions of flight
 j - 4 potions of resistance
 k - 3 potions of cancellation
 p - 5 potions of brilliance
 q - 5 potions of berserk rage
 s - 3 potions of magic
 t - 13 potions of curing
 w - 4 potions of heal wounds
 B - 5 potions of mutation
 L - 2 potions of haste
 T - 4 potions of invisibility
 W - 5 potions of ambrosia
Miscellaneous
 g - a box of beasts
 E - a tin of tremorstones (2/2)
 H - a piece from Xom's chessboard (15/15)
 N - a phial of floods


   Skills:
 + Level 23.1 Fighting
 - Level 18.0 Axes
 - Level 8.0 Throwing
 + Level 23.1 Armour
 + Level 19.4 Dodging
 - Level 8.0 Stealth
 + Level 24.0 Shields
 + Level 17.3 Evocations


You had 23 spell levels left.
You didn't know any spells.
Your spell library contained the following spells:

 Spells                   Type           Power      Damage    Failure   Level
 Beastly Appendage        Tmut           0%         N/A       98%         1
 Foxfire                  Conj/Fire      0%         2x1d4     98%         1
 Kiss of Death            Conj/Necr      0%         2d5       98%         1
 Magic Dart               Conj           0%         1d3       98%         1
 Sandblast                Erth           0%         2d4       98%         1
 Shock                    Conj/Air       0%         1d3       98%         1
 Slow                     Hex            0%         N/A       98%         1
 Sting                    Tmut/Pois      0%         1d3       98%         1
 Call Imp                 Summ           0%         N/A       99%         2
 Ensorcelled Hibernation  Hex/Ice        0%         N/A       99%         2
 Passwall                 Tmut/Erth      0%         N/A       99%         2
 Poisonous Vapours        Pois/Air       0%         N/A       99%         2
 Sublimation of Blood     Necr           0%         N/A       99%         2
 Wereblood                Tmut           0%         N/A       99%         2
 Call Canine Familiar     Summ           0%         N/A       100%        3
 Confusing Touch          Hex            0%         N/A       100%        3
 Dazzling Flash           Conj/Hex       0%         N/A       100%        3
 Frozen Ramparts          Ice            0%         1d1       100%        3
 Gell's Gravitas          Tloc           0%         N/A       100%        3
 Hailstorm                Conj/Ice       0%         3d3       100%        3
 Ignite Poison            Fire/Tmut/Pois 0%         N/A       100%        3
 Inner Flame              Hex/Fire       0%         N/A       100%        3
 Mephitic Cloud           Conj/Pois/Air  0%         N/A       100%        3
 Ozocubu's Armour         Ice            0%         N/A       100%        3
 Portal Projectile        Hex/Tloc       0%         N/A       100%        3
 Spider Form              Tmut/Pois      0%         N/A       100%        3
 Stone Arrow              Conj/Erth      0%         3d7       100%        3
 Swiftness                Air            0%         N/A       100%        3
 Teleport Other           Tloc           0%         N/A       100%        3
 Tukima's Dance           Hex            0%         N/A       100%        3
 Vhi's Electric Charge    Tloc/Air       0%         N/A       100%        3
 Volatile Blastmotes      Fire/Tloc      0%         2d10      100%        3
 Airstrike                Air            0%         2d(0-16)  100%        4
 Anguish                  Hex/Necr       0%         N/A       100%        4
 Animate Armour           Summ/Erth      0%         N/A       100%        4
 Animate Dead             Necr           0%         N/A       100%        4
 Cause Fear               Hex            0%         N/A       100%        4
 Dispel Undead            Necr           0%         3d6       100%        4
 Flame Wave               Conj/Fire      0%         2d4       100%        4
 Fulminant Prism          Conj/Hex       0%         3d5       100%        4
 Iskenderun's Mystic Bla  Conj/Tloc      0%         2d3       100%        4
 Leda's Liquefaction      Hex/Erth       0%         N/A       100%        4
 Olgreb's Toxic Radiance  Pois           0%         N/A       100%        4
 Petrify                  Tmut/Erth      0%         N/A       100%        4
 Summon Ice Beast         Ice/Summ       0%         N/A       100%        4
 Summon Lightning Spire   Summ/Air       0%         N/A       100%        4
 Arcjolt                  Conj/Air       0%         1d10      100%        5
 Fireball                 Conj/Fire      0%         3d3       100%        5
 Irradiate                Conj/Tmut      0%         3d11      100%        5
 Iskenderun's Battlesphe  Conj           0%         2d6       100%        5
 Lee's Rapid Deconstruct  Erth           0%         3d4*      100%        5
 Metabolic Englaciation   Hex/Ice        0%         N/A       100%        5
 Summon Forest            Summ/Tloc      0%         N/A       100%        5
 Summon Mana Viper        Hex/Summ       0%         N/A       100%        5
 Yara's Violent Unravell  Hex/Tmut       0%         3d3       100%        5
 Conjure Ball Lightning   Conj/Air       0%         3x3d6     100%        6
 Dispersal                Tloc           0%         N/A       100%        6
 Plasma Beam              Fire/Air       0%         2x1d11    100%        6
 Simulacrum               Ice/Necr       0%         N/A       100%        6
 Starburst                Conj/Fire      0%         6d3       100%        6
 Statue Form              Tmut/Erth      0%         N/A       100%        6
 Dragon Form              Tmut           0%         N/A       100%        7
 Enfeeble                 Hex            0%         N/A       100%        7
 Malign Gateway           Summ/Tloc      0%         N/A       100%        7
 Monstrous Menagerie      Summ           0%         N/A       100%        7
 Orb of Destruction       Conj           0%         9d5       100%        7
 Spellforged Servitor     Conj/Summ      0%         N/A       100%        7
 Storm Form               Tmut/Air       0%         N/A       100%        7
 Discord                  Hex            0%         N/A       100%        8
 Ignition                 Fire           0%         3d3       100%        8
 Lehudib's Crystal Spear  Conj/Erth      0%         10d2      100%        8
 Summon Horrible Things   Summ           0%         N/A       100%        8
 Polar Vortex             Ice            0%         N/A       100%        9


Dungeon Overview and Level Annotations

Branches:
Dungeon (15/15)            Temple (0/1) D:4            Lair (5/5) D:9
  Swamp (4/4) Lair:2        Snake (4/4) Lair:2        Slime (5/5) Lair:5
    Orc (2/2) D:11            Elf (3/3) Orc:2        Vaults (4/5) D:13
  Crypt (0/3) Vaults:3     Depths (4/4) D:15            Zot (5/5) Depths:4
  Sewer (visited)          Bailey (visited)           IceCv (visited)

Altars:
Cheibriados
Dithmenos
Elyvilon
Kikubaaqudgha
Nemelex Xobeh
Okawaru
Sif Muna
Uskayaw
Vehumet
Yredelemnul
Jiyva
Lugonu

Shops:
D:2 ?   D:6 (*   D:9 ?*![   Orc:1 :   Orc:2 [?[!:   Elf:2 [   Elf:3 =
Vaults:3 (   Vaults:4 (   Depths:2 ==:

Portals:
Hell: Depths:1 Depths:2 Depths:3 Depths:4
Abyss: Lair:1 Lair:5 Depths:1 Depths:3
Pandemonium: Depths:2
Ziggurat: Depths:3
Trove: D:12 (give +5 demon whip)

Annotations:
D:2 1 runed translucent door, Crazy Yiuf
D:13 1 runed translucent door
Lair:1 2 transporters, nightchill's ghost, journeyman TeHu
Slime:2 Dissolution
Slime:5 Royal Jelly
Elf:1 3 runed translucent doors, ioannis32's ghost, adept DsBe
Zot:1 3 runed translucent doors, PanSaczeczos's ghost, legendary KoFi


Innate Abilities, Weirdness & Mutations

You have a pair of large horns on your head.
You reflexively headbutt those who attack you in melee.
You are partially covered in iridescent scales. (AC +2)
You are agile. (Dex +4, Str/Int -1)
Your flesh is very cold resistant. (rC++)
You are almost entirely resistant to further mutation and mutation removal.
A frigid envelope surrounds you and freezes all who hurt you.
Your muscles are very strong. (Str +8, Int/Dex -2)
Your body is covered in eyes which may confuse attackers. (Acc +7, SInv)
Your transparent skin significantly reduces your foes' accuracy. (Stealth+)


Message History

Where to? (Enter - D:7 @ (x,y), ? - help)
What level of the Dungeon? (default 1, ? - help)
A balrug and 3 sun demons come into view.
The balrug is wielding a +1 demon whip of electrocution.
The sun demon shouts! x2
The balrug moves out of view.
There is a stone staircase leading up here.
You climb upwards.
There is a stone staircase leading down here.
A blizzard demon comes into view.
The blizzard demon shouts!
You rampage towards the blizzard demon!
There is a stone staircase leading up here.
You climb upwards.
There is a stone staircase leading down here.
There is a stone staircase leading up here.
You climb upwards.
Your extra speed is starting to run out.
There is a stone staircase leading down here.
(D) Dungeon (T) Temple (L) Lair (S) Swamp (P) Snake Pit (M) Slime Pits (O) Orcish Mines (E) Elven Halls (V) Vaults (C) Crypt (U) Depths (H) Hell (Z) Zot
Where to? (Enter - D:5 @ (x,y), ? - help)
What level of the Dungeon? (default 1, ? - help)
You feel yourself slow down.
There is a stone staircase leading up here.
You climb upwards.
Level annotation: 1 runed translucent door, Crazy Yiuf
There is a stone staircase leading down here.
Jiyva gurgles merrily.
A hell beast comes into view.
There is a stone staircase leading up here.
You climb upwards.
There is a stone staircase leading down here.
There is an open door here.
Jiyva gurgles merrily.
You hear a distant slurping noise.
There is a staircase leading out of the dungeon here.
You have escaped!

#.# #.# #.###
#...#
###.###########
#..##.......#
##.'........#
#.##.......#
#.##>###.@.#
#.##.......#
#.+........#
####.......#
#########


There were no monsters in sight!

Vanquished Creatures
  4 dread liches
  4 orbs of fire (Zot:5)
  Josephina (Zot:2)
  The ghost of Faiwewuo the Intangible, a veteran MfFE of Gozag (Vaults:1)
  the Lernaean hydra (Swamp:4)
  Bai Suzhen (Snake:3)
  8 Killer Klowns
  The ghost of rgbqcd the Executioner, a veteran MiBe of Trog (Vaults:4)
  Margery (Depths:3)
  The ghost of garrulousMonolith the Whirler, a veteran GnFi of Cheibriados (Vaults:1)
  2 curse toes
  Saint Roka (Vaults:1)
  The ghost of TuffENuff the Formicid Cataclysm, a veteran FoFi of Qazlal (Vaults:1)
  The ghost of Dacon the Minotaur Blade, an adept MiGl of Gozag (Vaults:1)
  13 golden dragons
  The ghost of vegansnacktivist the Executioner, an adept DDFi of Makhleb (Vaults:1)
  The ghost of vegansnacktivist the Executioner, an adept DDFi of Makhleb (Vaults:1)
  3 electric golems
  The ghost of SpeedRobin the Champion of Chaos, an adept DDFi of Makhleb (Vaults:1)
  11 tentacled monstrosities
  21 Orb Guardians
  The ghost of Yloucecuu the Ninja, a veteran SpEn of Dithmenos (Vaults:1)
  The ghost of PanSaczeczos the Imperceptible, an adept SpHu of Trog (Vaults:4)
  A deep elf blademaster (Elf:3)
  7 quicksilver dragons
  4 death cobs
  2 deep elf master archers (Elf:3)
  Agnes (D:14)
  6 shadow dragons
  6 nagarajas
  A thorn hunter (Swamp:4)
  7 tengu reavers
  2 sphinxes
  A fenstrider witch (Swamp:4)
  2 draconian monks
  8 storm dragons
  10 draconian knights
  6 fire giants
  7 frost giants
  2 deep elf sorcerers (Elf:3)
  6 draconian scorchers
  6 ghost moths
  Aizul (Snake:2)
  19 vault wardens
  6 draconian shifters
  6 deep elf elementalists
  7 draconian annihilators
  4 draconian stormcallers
  11 ironbound preservers
  4 spriggan defenders
  12 ironbound thunderhulks
  2 war gargoyles (Vaults:2)
  3 stone giants
  2 orc warlords
  34 very ugly things
  9 black draconians
  9 green draconians
  2 vampire knights
  Azrael (D:15)
  4 eleionomae
  10 purple draconians
  6 deep elf annihilators
  10 deep elf demonologists
  9 white draconians
  13 dire elephants
  2 spark wasps (Depths:1)
  6 bunyips
  2 red draconians
  14 yellow draconians
  3 crystal guardians
  A merfolk impaler (Depths:2)
  5 ettins
  5 fire dragons
  13 deep elf death magi
  5 deep elf high priests
  9 yaktaur captains
  11 vault guards
  6 rakshasas
  5 salamander tyrants (Snake:4)
  Erolcha (D:13)
  9 ice dragons
  An ogre mage (Vaults:1)
  7 peacekeepers
  19 hydras
  2 ghost crabs (Swamp:4)
  10 ironbound frosthearts
  7 anacondas
  7 spriggan air magi
  11 centaur warriors
  4 boulder beetles
  8 alligators
  29 dancing weapons
  6 vampire magi
  A deep troll shaman (Depths:1)
  5 two-headed ogres
  10 death yaks
  9 deep troll earth magi
  10 naga warriors
  2 thrashing horrors (Lair:5)
  7 shock serpents
  6 tengu warriors
  A spriggan berserker (Depths:3)
  8 naga sharpshooters
  9 hell knights
  A soul eater (Depths:2)
  27 deep elf knights
  6 orc high priests
  5 salamander mystics (Snake:4)
  4 skeletal warriors (D:14)
  2 sun demons (Depths:2)
  A goliath frog (Swamp:3)
  4 iron trolls
  2 flayed ghosts
  A death drake (Swamp:4)
  A sixfirhy (Depths:2)
  4 bog bodies
  2 spriggan druids
  28 deep trolls
  3 naga ritualists
  20 deep elf archers
  18 ironbound convokers
  An orange crystal statue (Depths:1)
  10 wizards
  9 swamp dragons
  11 orc knights
  4 lindwurms
  3 harpies (Vaults:1)
  22 deep elf pyromancers
  22 deep elf zephyrmancers
  A harpy (shapeshifter) (Lair:5)
  5 necromancers
  40 ugly things
  3 mana vipers
  19 salamanders
  8 cyclopes
  6 orc sorcerers
  3 will-o-the-wisps
  5 manticores
  A salamander (shapeshifter) (Lair:5)
  15 elephants
  An oklob plant (Lair:2)
  26 moths of wrath
  4 guardian serpents (Snake:4)
  18 black mambas
  An ice statue (IceCv)
  A torpor snail (Lair:4)
  2 smoke demons
  11 vault sentinels
  A rust devil (D:13)
  13 cane toads
  6 naga magi
  A hellion (Depths:2)
  2 gargoyles
  2 large abominations (Lair:5)
  A komodo dragon (shapeshifter) (D:15)
  5 kobold demonologists
  An unseen horror (D:10)
  13 komodo dragons
  28 yaktaurs
  4 rime drakes
  3 ancient zymes (Lair:5)
  A freezing wraith (D:12)
  A golden dragon simulacrum (Zot:2)
  2 burning bushes (Lair:3)
  4 tengu conjurers
  A bloated husk (Swamp:3)
  An ice devil (Depths:2)
  A red devil (Depths:2)
  A hellwing (Depths:2)
  A tyrant leech (shapeshifter) (Depths:2)
  9 polar bears
  15 hornets
  7 trolls
  A queen bee (Lair:3)
  A tarantella (shapeshifter) (D:15)
  8 tyrant leeches
  21 blink frogs
  2 air elementals
  17 spriggans
  17 water elementals
  3 shadows
  A wraith (D:11)
  A vampire (D:11)
  2 ynoxinuls (Lair:5)
  73 yaks
  8 fire elementals
  3 wyverns
  2 steam dragons
  Eustachio (D:5)
  8 basilisks
  Grum (D:8)
  2 chaos spawn
  A neqoxec (Depths:4)
  10 vampire mosquitoes
  20 swamp worms
  4 wargs
  A swamp worm (shapeshifter) (D:13)
  8 hell hounds
  28 nagas
  12 water moccasins
  6 acid dragons
  14 small abominations (Lair:5)
  2 moth of wrath simulacra (Zot:2)
  Duvessa (D:7)
  38 orc warriors
  9 swamp drakes
  2 black bears
  6 ice beasts
  4 boggarts
  3 ogres (Orc:2)
  A sky beast (D:8)
  10 centaurs
  27 wolves
  12 kobold brigands
  9 bullfrogs
  3 gnoll sergeants
  3 scorpions
  An earth elemental (Elf:2)
  11 wights
  Dowan (D:7)
  36 killer bees
  3 howler monkeys (D:14)
  An electric eel (Lair:2)
  A lava snake (Snake:4)
  2 gnoll boudas
  21 orc priests
  A hound (D:7)
  A sleepcap (D:4)
  Jessica (D:3)
  8 iguanas
  Terence (D:2)
  Ijyb (D:5)
  4 hell rats (Lair:1)
  17 orc wizards
  23 gnolls
  13 adders
  3 river rats (Sewer)
  A white imp (D:7)
  An ufetubus (D:6)
  3 worms
  4 dart slugs
  75 orcs
  3 bats
  2 endoplasms (D:1)
  3 giant cockroaches
  11 goblins
  17 hobgoblins
  4 jackals
  33 kobolds
  4 quokkas
  9 ball pythons
  18 frilled lizards
  6 rats
  3 briar patches (Swamp:4)
  A bush (Bazaar)
  2 spectral weapons
1887 creatures vanquished.

Vanquished Creatures (collateral kills)
  Roxanne (D:15)
  A two-headed ogre (D:11)
  A spriggan (Swamp:4)
3 creatures vanquished.

Vanquished Creatures (others)
  An acid blob (Elf:3)
  2 draconian knights
  A very ugly thing (Vaults:3)
  A draconian stormcaller (Zot:3)
  An ettin (shapeshifter) (D:15)
  A deep elf death mage (Elf:3)
  A yaktaur captain (Vaults:4)
  3 great orbs of eyes
  A hydra (Swamp:4)
  A centaur warrior (Vaults:1)
  A dancing weapon (Elf:2)
  3 deep elf knights
  A spriggan (Swamp:4)
  2 glowing orange brains
  A deep troll (Vaults:4)
  3 wizards
  A deep elf archer (Elf:3)
  5 deep elf zephyrmancers
  An ironbound convoker (Vaults:1)
  An ugly thing (D:15)
  A moth of wrath (shapeshifter) (Elf:1)
  6 yaktaurs (Vaults:1)
  A troll (D:11)
  A golden dragon simulacrum (Zot:2)
  3 bloated husks
  A hornet (Swamp:4)
  A slime creature (shapeshifter) (Elf:1)
  20 slime creatures
  A wraith (D:14)
  A golden eye (shapeshifter) (Elf:1)
  A swamp worm (Swamp:4)
  A hell hound (D:13)
  4 water moccasins
  3 orc warriors
  2 black bears (D:6)
  A centaur (D:12)
  A bullfrog (Lair:4)
  A scorpion (D:6)
  185 jellies
  2 orc priests (Orc:2)
  5 iguanas
  6 orc wizards
  A gnoll (D:6)
  2 adders
  2 river rats (Sewer)
  An ufetubus (D:6)
  6 endoplasms
  10 orcs
  A giant cockroach (D:4)
  A goblin (D:3)
  5 hobgoblins
  3 jackals (Sewer)
  5 kobolds
  3 ball pythons
  A bat (D:3)
  7 frilled lizards
  A butterfly (Lair:5)
  26 foxfires
  57 fungi
  169 plants
581 creatures vanquished.

Grand Total: 2471 creatures vanquished

Notes
Turn   | Place    | Note
-------+----------+-------------------------------------------
     0 | D:1      | anoamas321 the Minotaur Fighter began the quest for the
                  | Orb.
     0 | D:1      | Reached XP level 1. HP: 19/19 MP: 0/0
    52 | D:1      | Reached XP level 2. HP: 25/27 MP: 1/1
   397 | D:1      | Reached XP level 3. HP: 31/33 MP: 2/2
   533 | D:1      | Found a faded altar of an unknown god.
   541 | D:1      | Prayed at the altar of an unknown god.
   541 | D:1      | Became a worshipper of Jiyva Jyboc the Shapeless
   541 | D:1      | Reached * piety under Jiyva
   690 | D:2      | Reached skill level 4 in Shields
   691 | D:2      | You fall into a shaft and drop 1 floor!
   697 | D:3      | Noticed Jessica
   705 | D:3      | Killed Jessica
   749 | D:3      | Reached XP level 4. HP: 40/40 MP: 3/3
   877 | D:3      | Reached ** piety under Jiyva
  1280 | D:3      | Identified the +6 spear of Jeatots {freeze, *Rage rPois
                  | rC++}
  1284 | D:3      | Found a glowing drain.
  1303 | Sewer    | Entered a sewer
  1385 | Sewer    | Reached XP level 5. HP: 46/47 MP: 4/4
  1457 | Sewer    | Reached skill level 5 in Axes
  1503 | Sewer    | Reached *** piety under Jiyva
  1999 | D:2      | Gained mutation: Your melee attacks may engulf your foes in
                  | ooze. [Jiyva's grace]
  1999 | D:2      | Gained mutation: You are somewhat resistant to further
                  | mutation. [Jiyva's grace]
  1999 | D:2      | Gained mutation: You are somewhat resistant to both further
                  | mutation and mutation removal. [Jiyva's grace]
  1999 | D:2      | Gained mutation: You are almost entirely resistant to
                  | further mutation and mutation removal. [Jiyva's grace]
  2000 | D:2      | Found The Oracle's Delphic Readings.
  2044 | D:2      | Found a white marble altar of Elyvilon.
  2141 | D:2      | Found a runed translucent door.
  2142 | D:2      | Noticed Crazy Yiuf
  2171 | D:2      | Reached **** piety under Jiyva
  2236 | D:2      | Noticed Terence
  2243 | D:2      | Killed Terence
  2244 | D:2      | Reached XP level 6. HP: 55/55 MP: 5/5
  2959 | D:4      | Reached skill level 5 in Armour
  2965 | D:4      | Reached skill level 5 in Fighting
  2968 | D:4      | Reached skill level 5 in Shields
  3028 | D:4      | Found a staircase to the Ecumenical Temple.
  3191 | D:4      | Found a sparkling altar of Nemelex Xobeh.
  3293 | D:5      | Entered Level 5 of the Dungeon
  3325 | D:5      | Reached XP level 7. HP: 16/62 MP: 4/6
  3335 | D:5      | Noticed Eustachio
  3342 | D:5      | Killed Eustachio
  3343 | D:5      | Reached skill level 1 in Throwing
  3343 | D:5      | Reached skill level 1 in Dodging
  3398 | D:5      | Noticed Ijyb
  3406 | D:5      | Killed Ijyb
  3614 | D:5      | Lost mutation: You are almost entirely resistant to further
                  | mutation and mutation removal. [Jiyva's grace]
  3614 | D:5      | Gained mutation: You have a small jelly attached to you
                  | that may absorb projectiles. [Jiyva's grace]
  3614 | D:5      | Gained mutation: Your spells are a little harder to cast,
                  | but a little more powerful. [Jiyva's grace]
  3614 | D:5      | Gained mutation: Your spells are harder to cast, but more
                  | powerful. [Jiyva's grace]
  3614 | D:5      | Gained mutation: Your spells are much harder to cast, but
                  | much more powerful. [Jiyva's grace]
  3623 | D:5      | Reached XP level 8. HP: 71/71 MP: 7/7
  3815 | D:6      | Reached skill level 1 in Evocations
  3841 | D:6      | Reached ***** piety under Jiyva
  3912 | D:6      | Found Rieceef's Antique Weapon Shoppe.
  4014 | D:2      | Bought a scroll of blinking for 82 gold pieces
  4325 | D:6      | Found Emialypn's Fire Supplies.
  4942 | D:6      | Found an iron altar of Okawaru.
  5116 | D:7      | Found a flagged portal.
  5127 | D:7      | Reached XP level 9. HP: 70/79 MP: 8/8
  5159 | D:7      | Noticed Duvessa
  5159 | D:7      | Noticed Dowan
  5166 | D:7      | Killed Duvessa
  5166 | D:7      | Killed Dowan
  5212 | Bailey   | Entered a bailey
  5369 | Bailey   | Reached skill level 6 in Shields
  5425 | Bailey   | Noticed an orc warlord
  5438 | Bailey   | Slimified an orc warlord
  5438 | Bailey   | an orc warlord changed into an acid blob
  5438 | Bailey   | Noticed an acid blob
  5589 | Bailey   | Acquired the amulet of Tuig {Faith Rampage rF+ rC+ Stlth+}
  5744 | D:7      | Reached skill level 10 in Axes
  6156 | D:8      | Lost mutation: You are somewhat resistant to both further
                  | mutation and mutation removal. [Jiyva's grace]
  6156 | D:8      | Lost mutation: Your spells are much harder to cast, but
                  | much more powerful. [Jiyva's grace]
  6156 | D:8      | Lost mutation: You have a small jelly attached to you that
                  | may absorb projectiles. [Jiyva's grace]
  6156 | D:8      | Gained mutation: You have acidic saliva. [Jiyva's grace]
  6156 | D:8      | Gained mutation: You expend magic power (3 MP) to
                  | strengthen your wands. [Jiyva's grace]
  6156 | D:8      | Gained mutation: You possess an exceptional clarity of
                  | mind. [Jiyva's grace]
  6156 | D:8      | Gained mutation: Your spells are much harder to cast, but
                  | much more powerful. [Jiyva's grace]
  6157 | D:8      | Noticed a two-headed ogre
  6165 | D:8      | Killed a two-headed ogre
  6166 | D:8      | Reached XP level 10. HP: 78/88 MP: 9/9
  6202 | D:8      | Identified the +1 ring mail of Peek-a-Boo {Harm Int+3}
  6267 | D:8      | Reached skill level 5 in Dodging
  6431 | D:8      | Reached skill level 7 in Shields
  6493 | D:8      | Noticed a gargoyle
  6506 | D:8      | Killed a gargoyle
  6537 | D:8      | Reached skill level 5 in Throwing
  6582 | D:8      | Noticed a two-headed ogre
  6590 | D:8      | Killed a two-headed ogre
  6625 | D:8      | Noticed Grum
  6630 | D:8      | Killed Grum
  6652 | D:8      | Found a hide-covered altar of Uskayaw.
  6842 | D:9      | Found Wyrghel's Assorted Antiques.
  6845 | D:9      | Bought a scroll labelled LUENGULOTONT for 27 gold pieces
  6967 | D:9      | Reached skill level 8 in Shields
  7092 | D:9      | Reached ****** piety under Jiyva
  7170 | D:9      | Found Kemn's Magic Scroll Emporium.
  7175 | D:9      | Bought a scroll of teleportation for 36 gold pieces
  7175 | D:9      | Bought a scroll of identify for 24 gold pieces
  7175 | D:9      | Bought a scroll of identify for 24 gold pieces
  7177 | D:9      | Bought a scroll of identify for 24 gold pieces
  7289 | D:9      | Found a snail-covered altar of Cheibriados.
  7465 | D:9      | Reached XP level 11. HP: 90/94 MP: 10/10
  7516 | D:9      | Found a staircase to the Lair.
  7668 | D:9      | Found Zaiceun's Distillery.
  7897 | D:9      | Found Eminutoug's Antique Armour Emporium.
  7919 | D:9      | Lost mutation: Your spells are much harder to cast, but
                  | much more powerful. [Jiyva's grace]
  7919 | D:9      | Gained mutation: A frigid envelope surrounds you and
                  | freezes all who hurt you. [Jiyva's grace]
  7919 | D:9      | Gained mutation: You are somewhat resistant to both further
                  | mutation and mutation removal. [Jiyva's grace]
  7919 | D:9      | Gained mutation: You are almost entirely resistant to
                  | further mutation and mutation removal. [Jiyva's grace]
  7919 | D:9      | Lost mutation: You are almost entirely resistant to further
                  | mutation and mutation removal. [Jiyva's grace]
  7919 | D:9      | Lost mutation: You are somewhat resistant to both further
                  | mutation and mutation removal. [Jiyva's grace]
  7919 | D:9      | Lost mutation: You are somewhat resistant to further
                  | mutation. [Jiyva's grace]
  7919 | D:9      | Gained mutation: You have hidden genetic potential.
                  | [Jiyva's grace]
  7986 | D:10     | Entered Level 10 of the Dungeon
  8016 | D:10     | Reached skill level 5 in Evocations
  8126 | D:10     | Paralysed by a hornet for 1 turns
  8767 | D:11     | Noticed a boulder beetle
  8780 | D:11     | Killed a boulder beetle
  8850 | D:11     | Found a staircase to the Orcish Mines.
  9007 | D:11     | Noticed a two-headed ogre
  9015 | D:11     | Killed a two-headed ogre
  9016 | D:11     | Reached skill level 9 in Shields
  9066 | D:11     | Lost mutation: You possess an exceptional clarity of mind.
                  | [Jiyva's grace]
  9066 | D:11     | Lost mutation: You have acidic saliva. [Jiyva's grace]
  9066 | D:11     | Lost mutation: You have hidden genetic potential. [Jiyva's
                  | grace]
  9066 | D:11     | Gained mutation: You are partially covered in iridescent
                  | scales. (AC +2) [Jiyva's grace]
  9066 | D:11     | Gained mutation: You are mostly covered in iridescent
                  | scales. (AC +4) [Jiyva's grace]
  9066 | D:11     | Gained mutation: You are completely covered in iridescent
                  | scales. (AC +6) [Jiyva's grace]
  9066 | D:11     | Gained mutation: You have a pair of large horns on your
                  | head. [Jiyva's grace]
  9336 | Lair:1   | Entered Level 1 of the Lair of Beasts
  9354 | Lair:1   | Found a transporter.
  9501 | Lair:1   | Noticed a hell hog
  9525 | Lair:1   | Noticed a spriggan rider
  9651 | Lair:1   | Reached XP level 12. HP: 104/104 MP: 11/11
  9746 | Lair:1   | Found a transporter.
  9746 | Lair:1   | Found a one-way gate to the infinite horrors of the Abyss.
  9752 | Lair:1   | Noticed nightchill's ghost (journeyman TeHu)
 10037 | Lair:2   | Lost mutation: You are completely covered in iridescent
                  | scales. (AC +6) [Jiyva's grace]
 10037 | Lair:2   | Gained mutation: You have a small jelly attached to you
                  | that may absorb projectiles. [Jiyva's grace]
 10037 | Lair:2   | Gained mutation: You are completely covered in iridescent
                  | scales. (AC +6) [Jiyva's grace]
 10037 | Lair:2   | Gained mutation: You have acidic saliva. [Jiyva's grace]
 10037 | Lair:2   | Gained mutation: Your translucent skin slightly reduces
                  | your foes' accuracy. (Stealth+) [Jiyva's grace]
 10219 | Lair:2   | Reached skill level 1 in Stealth
 10223 | Lair:2   | Found a staircase to the Snake Pit.
 10396 | Lair:2   | Reached skill level 10 in Shields
 10401 | Lair:2   | Found a staircase to the Swamp.
 10776 | Lair:2   | Reached skill level 10 in Armour
 10905 | Lair:3   | Lost mutation: Your spells are harder to cast, but more
                  | powerful. [Jiyva's grace]
 10905 | Lair:3   | Lost mutation: Your translucent skin slightly reduces your
                  | foes' accuracy. (Stealth+) [Jiyva's grace]
 10905 | Lair:3   | Gained mutation: You have sharp toenails. [Jiyva's grace]
 10905 | Lair:3   | Gained mutation: You have razor-sharp toenails. [Jiyva's
                  | grace]
 10905 | Lair:3   | Gained mutation: You have claws for feet. [Jiyva's grace]
 10905 | Lair:3   | Gained mutation: Your flesh is heat resistant. (rF+)
                  | [Jiyva's grace]
 11082 | Lair:3   | Reached skill level 10 in Fighting
 11096 | Lair:3   | Reached skill level 15 in Axes
 11698 | Lair:4   | Reached XP level 13. HP: 113/114 MP: 12/12
 12055 | Lair:4   | Lost mutation: You are completely covered in iridescent
                  | scales. (AC +6) [Jiyva's grace]
 12055 | Lair:4   | Lost mutation: You are mostly covered in iridescent scales.
                  | (AC +4) [Jiyva's grace]
 12055 | Lair:4   | Lost mutation: Your spells are a little harder to cast, but
                  | a little more powerful. [Jiyva's grace]
 12055 | Lair:4   | Lost mutation: You have acidic saliva. [Jiyva's grace]
 12055 | Lair:4   | Lost mutation: Your melee attacks may engulf your foes in
                  | ooze. [Jiyva's grace]
 12055 | Lair:4   | Gained mutation: You possess an exceptional clarity of
                  | mind. [Jiyva's grace]
 12055 | Lair:4   | Gained mutation: Your muscles are strong. (Str +4, Int/Dex
                  | -1) [Jiyva's grace]
 12055 | Lair:4   | Gained mutation: Your muscles are very strong. (Str +8,
                  | Int/Dex -2) [Jiyva's grace]
 12055 | Lair:4   | Gained mutation: Your body has grown eyes which may confuse
                  | attackers. (Acc +3) [Jiyva's grace]
 12451 | Lair:5   | Entered Level 5 of the Lair of Beasts
 12483 | Lair:5   | Found a viscous altar of Jiyva.
 12483 | Lair:5   | Found a staircase to the Slime Pits.
 12867 | Lair:5   | Reached skill level 11 in Shields
 13069 | Lair:5   | Reached XP level 14. HP: 116/125 MP: 13/13
 13446 | Lair:5   | Found a corrupted altar of Lugonu.
 13454 | Lair:5   | Got Futoic's Excursus on Momentum and Frostbite
 13561 | Slime:1  | Entered Level 1 of the Pits of Slime
 13708 | Slime:2  | Noticed an acid blob
 13734 | Slime:2  | Noticed an acid blob
 13823 | Slime:2  | Noticed Dissolution
 13840 | Slime:2  | Noticed an azure jelly
 13842 | Slime:2  | Noticed an acid blob
 13876 | Slime:2  | Noticed an acid blob
 13878 | Slime:2  | Noticed an acid blob
 14143 | Slime:3  | Noticed a rockslime
 14170 | Slime:3  | Noticed a quicksilver ooze
 14184 | Slime:3  | Noticed a rockslime
 14243 | Slime:3  | Noticed an acid blob
 14245 | Slime:3  | Noticed a quicksilver ooze
 14353 | Slime:4  | Noticed a quicksilver ooze
 14355 | Slime:4  | Noticed an acid blob
 14356 | Slime:4  | Noticed a quicksilver ooze
 14377 | Slime:4  | Noticed an acid blob
 14418 | Slime:4  | Noticed an azure jelly
 14530 | Slime:5  | Entered Level 5 of the Pits of Slime
 14533 | Slime:5  | Noticed a quicksilver ooze
 14538 | Slime:5  | Noticed an acid blob
 14556 | Slime:5  | Noticed an azure jelly
 14558 | Slime:5  | Noticed an acid blob
 14569 | Slime:5  | Noticed a rockslime
 14624 | Slime:5  | Noticed an acid blob
 14625 | Slime:5  | Noticed an acid blob
 14640 | Slime:5  | Noticed the Royal Jelly
 14655 | Slime:5  | Found a viscous altar of Jiyva.
 14655 | Slime:5  | Noticed a quicksilver ooze
 14658 | Slime:5  | Noticed an acid blob
 14658 | Slime:5  | Noticed an acid blob
 14660 | Slime:5  | Noticed a rockslime
 14661 | Slime:5  | Identified the ring of Ulikla {rElec EV+5 Str+3 Slay+3}
 14674 | Slime:5  | Got a slimy rune of Zot
 14686 | Slime:5  | Identified the staff of cold "Docsel" {+Blink rPois rC+
                  | MP+9 SInv}
 14688 | Slime:5  | Noticed a rockslime
 14689 | Slime:5  | Identified the +7 dagger "Hiegauv" {heavy, Int+3 SInv}
 15101 | Orc:1    | Entered Level 1 of the Orcish Mines
 15242 | Orc:1    | Lost mutation: Your flesh is heat resistant. (rF+) [Jiyva's
                  | grace]
 15242 | Orc:1    | Lost mutation: You expend magic power (3 MP) to strengthen
                  | your wands. [Jiyva's grace]
 15242 | Orc:1    | Gained mutation: You are mostly covered in iridescent
                  | scales. (AC +4) [Jiyva's grace]
 15242 | Orc:1    | Gained mutation: You are completely covered in iridescent
                  | scales. (AC +6) [Jiyva's grace]
 15242 | Orc:1    | Gained mutation: You have acidic saliva. [Jiyva's grace]
 15242 | Orc:1    | Gained mutation: Your spells are a little harder to cast,
                  | but a little more powerful. [Jiyva's grace]
 15316 | Orc:1    | Found Ereiv's Book Emporium.
 15586 | Orc:2    | Entered Level 2 of the Orcish Mines
 15820 | Orc:2    | Reached skill level 12 in Shields
 15840 | Orc:2    | Lost mutation: You have claws for feet. [Jiyva's grace]
 15840 | Orc:2    | Lost mutation: You have razor-sharp toenails. [Jiyva's
                  | grace]
 15840 | Orc:2    | Lost mutation: You are completely covered in iridescent
                  | scales. (AC +6) [Jiyva's grace]
 15840 | Orc:2    | Lost mutation: You have acidic saliva. [Jiyva's grace]
 15840 | Orc:2    | Gained mutation: You are robust. (+10% HP) [Jiyva's grace]
 15840 | Orc:2    | Gained mutation: You are very robust. (+20% HP) [Jiyva's
                  | grace]
 15840 | Orc:2    | Gained mutation: You are extremely robust. (+30% HP)
                  | [Jiyva's grace]
 15840 | Orc:2    | Gained mutation: You are somewhat resistant to further
                  | mutation. [Jiyva's grace]
 15980 | Orc:2    | Found Qunwai's Magic Scroll Shoppe.
 15980 | Orc:2    | Found Osal's Armour Shop.
 15990 | Orc:2    | Found Iceusu's Distillery.
 15990 | Orc:2    | Found Zixt's Armour Shop.
 16025 | Orc:2    | Found Kiyfrug's Book Shop.
 16027 | Orc:2    | Found a staircase to the Elven Halls.
 16262 | Orc:2    | Bought the +2 plate armour "Fuismu" {rC+ Regen+} for 799
                  | gold pieces
 16280 | Orc:2    | Bought a potion of invisibility for 112 gold pieces
 16280 | Orc:2    | Bought a potion of heal wounds for 70 gold pieces
 16745 | D:12     | Found a portal to a secret trove of treasure.
 17259 | D:13     | Lost mutation: You have a pair of large horns on your head.
                  | [Jiyva's grace]
 17259 | D:13     | Lost mutation: You have sharp toenails. [Jiyva's grace]
 17259 | D:13     | Lost mutation: You are somewhat resistant to further
                  | mutation. [Jiyva's grace]
 17259 | D:13     | Lost mutation: You are extremely robust. (+30% HP) [Jiyva's
                  | grace]
 17259 | D:13     | Lost mutation: You are very robust. (+20% HP) [Jiyva's
                  | grace]
 17259 | D:13     | Lost mutation: Your body has grown eyes which may confuse
                  | attackers. (Acc +3) [Jiyva's grace]
 17259 | D:13     | Gained mutation: You are completely covered in iridescent
                  | scales. (AC +6) [Jiyva's grace]
 17259 | D:13     | Gained mutation: You are covered in fur. (AC +1) [Jiyva's
                  | grace]
 17259 | D:13     | Gained mutation: You are covered in thick fur. (AC +2)
                  | [Jiyva's grace]
 17259 | D:13     | Gained mutation: Your thick and shaggy fur keeps you warm.
                  | (AC +3, rC+) [Jiyva's grace]
 17317 | D:13     | Found a frozen archway.
 17324 | D:13     | Reached XP level 15. HP: 147/147 MP: 14/14
 17330 | IceCv    | Entered an ice cave
 17377 | IceCv    | Found the +3 pair of mountain boots {steadfast, rC+}
 17543 | IceCv    | Identified the +6 plate armour "Mawalef" {rN+}
 17903 | D:13     | Noticed Erolcha
 17909 | D:13     | Killed Erolcha
 17960 | D:13     | Got the Volume of Metamorphic Allies
 18082 | D:13     | Found a gate to the Vaults.
 18199 | D:13     | Found a runed translucent door.
 18226 | D:13     | Identified the +11 trident "Spider's Death" {pain, rElec
                  | Stlth+}
 18299 | D:13     | Identified the +8 dagger of Nifimus {drain, rF++ rCorr
                  | Int+5}
 18681 | Swamp:1  | Entered Level 1 of the Swamp
 18750 | Swamp:1  | Reached skill level 5 in Stealth
 18802 | Swamp:1  | Reached skill level 13 in Shields
 19352 | Swamp:2  | Lost mutation: You possess an exceptional clarity of mind.
                  | [Jiyva's grace]
 19352 | Swamp:2  | Lost mutation: Your thick and shaggy fur keeps you warm.
                  | (AC +3, rC+) [Jiyva's grace]
 19352 | Swamp:2  | Lost mutation: You are covered in thick fur. (AC +2)
                  | [Jiyva's grace]
 19352 | Swamp:2  | Lost mutation: You have a small jelly attached to you that
                  | may absorb projectiles. [Jiyva's grace]
 19352 | Swamp:2  | Gained mutation: You have a small jelly attached to you
                  | that may absorb projectiles. [Jiyva's grace]
 19352 | Swamp:2  | Gained mutation: Your melee attacks may engulf your foes in
                  | ooze. [Jiyva's grace]
 19352 | Swamp:2  | Gained mutation: Your body has grown eyes which may confuse
                  | attackers. (Acc +3) [Jiyva's grace]
 19352 | Swamp:2  | Gained mutation: Your body has grown many eyes which may
                  | confuse attackers. (Acc +5) [Jiyva's grace]
 19823 | Swamp:3  | Reached XP level 16. HP: 117/158 MP: 15/15
 20165 | Swamp:4  | Entered Level 4 of the Swamp
 20171 | Swamp:4  | Noticed a thorn hunter
 20192 | Swamp:4  | Killed a thorn hunter
 20293 | Swamp:4  | Reached skill level 10 in Evocations
 20490 | Swamp:4  | Reached skill level 14 in Shields
 20516 | Swamp:4  | Paralysed by a fenstrider witch for 5 turns
 20544 | Swamp:4  | Paralysed by a fenstrider witch for 3 turns
 20687 | Swamp:4  | Noticed the 27-headed Lernaean hydra
 20699 | Swamp:4  | Killed the 27-headed Lernaean hydra
 20718 | Swamp:4  | Reached skill level 15 in Armour
 20718 | Swamp:4  | Reached skill level 10 in Dodging
 20810 | Swamp:4  | Got a decaying rune of Zot
 21479 | D:14     | Lost mutation: You are completely covered in iridescent
                  | scales. (AC +6) [Jiyva's grace]
 21479 | D:14     | Lost mutation: Your body has grown many eyes which may
                  | confuse attackers. (Acc +5) [Jiyva's grace]
 21479 | D:14     | Lost mutation: Your body has grown eyes which may confuse
                  | attackers. (Acc +3) [Jiyva's grace]
 21479 | D:14     | Gained mutation: You are agile. (Dex +4, Str/Int -1)
                  | [Jiyva's grace]
 21479 | D:14     | Gained mutation: You are very agile. (Dex +8, Str/Int -2)
                  | [Jiyva's grace]
 21479 | D:14     | Gained mutation: Your translucent skin slightly reduces
                  | your foes' accuracy. (Stealth+) [Jiyva's grace]
 21479 | D:14     | Gained mutation: Your translucent skin reduces your foes'
                  | accuracy. (Stealth+) [Jiyva's grace]
 21651 | D:14     | Noticed Agnes
 21658 | D:14     | Killed Agnes
 22002 | D:15     | Entered Level 15 of the Dungeon
 22121 | D:15     | Noticed Roxanne
 22136 | D:15     | Killed Roxanne
 22272 | D:15     | Reached skill level 15 in Fighting
 22300 | D:15     | Found a shadowy altar of Dithmenos.
 22454 | D:15     | Found a staircase to the Depths.
 22480 | D:15     | Noticed Azrael
 22494 | D:15     | Killed Azrael
 22966 | Snake:1  | Entered Level 1 of the Snake Pit
 23014 | Snake:1  | Lost mutation: Your muscles are very strong. (Str +8,
                  | Int/Dex -2) [Jiyva's grace]
 23014 | Snake:1  | Lost mutation: Your translucent skin reduces your foes'
                  | accuracy. (Stealth+) [Jiyva's grace]
 23014 | Snake:1  | Gained mutation: Your body has grown eyes which may confuse
                  | attackers. (Acc +3) [Jiyva's grace]
 23014 | Snake:1  | Gained mutation: Your body has grown many eyes which may
                  | confuse attackers. (Acc +5) [Jiyva's grace]
 23014 | Snake:1  | Gained mutation: Your body is covered in eyes which may
                  | confuse attackers. (Acc +7, SInv) [Jiyva's grace]
 23014 | Snake:1  | Gained mutation: You have hidden genetic potential.
                  | [Jiyva's grace]
 23018 | Snake:1  | Reached XP level 17. HP: 171/171 MP: 16/16
 23079 | Snake:1  | Found a flickering gateway to a bazaar.
 23088 | Bazaar   | Entered a bazaar
 23088 | Bazaar   | Found Vuxur's Book Boutique.
 23088 | Bazaar   | Found Uzxossa's Armour Shop.
 23088 | Bazaar   | Found Daonwovoro's Jewellery Boutique.
 23088 | Bazaar   | Found Memyups's Weapon Shop.
 23088 | Bazaar   | Found Ennaimugg's Antique Weapon Boutique.
 23129 | Bazaar   | Bought a +1 cloak of willpower for 148 gold pieces
 23867 | Snake:2  | Noticed Aizul
 23886 | Snake:2  | Killed Aizul
 23948 | Snake:2  | Lost mutation: You are mostly covered in iridescent scales.
                  | (AC +4) [Jiyva's grace]
 23948 | Snake:2  | Lost mutation: You are robust. (+10% HP) [Jiyva's grace]
 23948 | Snake:2  | Lost mutation: Your body is covered in eyes which may
                  | confuse attackers. (Acc +7, SInv) [Jiyva's grace]
 23948 | Snake:2  | Gained mutation: Your natural rate of healing is unusually
                  | fast. [Jiyva's grace]
 23948 | Snake:2  | Gained mutation: You heal very quickly. [Jiyva's grace]
 23948 | Snake:2  | Gained mutation: You regenerate. [Jiyva's grace]
 23948 | Snake:2  | Gained mutation: You have a somewhat thin skeletal
                  | structure. (Dex +2, Stealth+) [Jiyva's grace]
 24538 | Snake:3  | Noticed Bai Suzhen
 24554 | Snake:3  | Killed Bai Suzhen
 24767 | Snake:3  | Lost mutation: You are covered in fur. (AC +1) [Jiyva's
                  | grace]
 24767 | Snake:3  | Lost mutation: Your spells are a little harder to cast, but
                  | a little more powerful. [Jiyva's grace]
 24767 | Snake:3  | Gained mutation: Your spells are a little harder to cast,
                  | but a little more powerful. [Jiyva's grace]
 24767 | Snake:3  | Gained mutation: Your spells are harder to cast, but more
                  | powerful. [Jiyva's grace]
 24767 | Snake:3  | Gained mutation: Your spells are much harder to cast, but
                  | much more powerful. [Jiyva's grace]
 24767 | Snake:3  | Gained mutation: You have a small jelly attached to you
                  | that senses nearby items. [Jiyva's grace]
 25326 | Snake:4  | Entered Level 4 of the Snake Pit
 25635 | Snake:4  | Identified the +0 leather armour of Purpose {rElec Regen+
                  | Str-4 Stlth+}
 25687 | Snake:4  | Noticed a quicksilver dragon
 25688 | Snake:4  | Noticed a quicksilver dragon
 25697 | Snake:4  | Killed a quicksilver dragon
 25698 | Snake:4  | Reached skill level 15 in Shields
 25703 | Snake:4  | Killed a quicksilver dragon
 25708 | Snake:4  | Gained mutation: Your movements are slightly less
                  | encumbered by armour. (ER -2) [hidden potential]
 25746 | Snake:4  | Identified the scarf of Action {shadows, rElec rPois rC-}
 25756 | Snake:4  | Got a serpentine rune of Zot
 26047 | Snake:4  | Reached XP level 18. HP: 163/163 MP: 17/17
 26685 | Vaults:1 | Entered Level 1 of the Vaults
 26756 | Vaults:1 | Lost mutation: You are very agile. (Dex +8, Str/Int -2)
                  | [Jiyva's grace]
 26756 | Vaults:1 | Lost mutation: You regenerate. [Jiyva's grace]
 26756 | Vaults:1 | Lost mutation: Your spells are much harder to cast, but
                  | much more powerful. [Jiyva's grace]
 26756 | Vaults:1 | Lost mutation: Your spells are harder to cast, but more
                  | powerful. [Jiyva's grace]
 26756 | Vaults:1 | Lost mutation: Your spells are a little harder to cast, but
                  | a little more powerful. [Jiyva's grace]
 26756 | Vaults:1 | Gained mutation: You have sharp toenails. [Jiyva's grace]
 26756 | Vaults:1 | Gained mutation: You have razor-sharp toenails. [Jiyva's
                  | grace]
 26756 | Vaults:1 | Gained mutation: You have claws for feet. [Jiyva's grace]
 26756 | Vaults:1 | Gained mutation: You have great hidden genetic potential.
                  | [Jiyva's grace]
 26757 | Vaults:1 | Noticed Saint Roka
 26778 | Vaults:1 | Killed Saint Roka
 26806 | Vaults:1 | Found a huge runed gate.
 26806 | Vaults:1 | Found a huge runed gate.
 26806 | Vaults:1 | Found a huge runed gate.
 26806 | Vaults:1 | Found a huge runed gate.
 26807 | Vaults:1 | Found a huge runed gate.
 26807 | Vaults:1 | Found a huge runed gate.
 26807 | Vaults:1 | Found a huge runed gate.
 26807 | Vaults:1 | Found a huge runed gate.
 26808 | Vaults:1 | Found a huge runed gate.
 26809 | Vaults:1 | Found a huge runed gate.
 26818 | Vaults:1 | Found a huge runed gate.
 26818 | Vaults:1 | Found a huge runed gate.
 26818 | Vaults:1 | Found a huge runed gate.
 26818 | Vaults:1 | Found a huge runed gate.
 26818 | Vaults:1 | Found a huge runed gate.
 26818 | Vaults:1 | Found a huge runed gate.
 26819 | Vaults:1 | Found a huge runed gate.
 26835 | Vaults:1 | Noticed Faiwewuo's ghost (veteran MfFE)
 26835 | Vaults:1 | Noticed Dacon's ghost (adept MiGl)
 26835 | Vaults:1 | Noticed Yloucecuu's ghost (veteran SpEn)
 26835 | Vaults:1 | Noticed vegansnacktivist's ghost (adept DDFi)
 26835 | Vaults:1 | Noticed SpeedRobin's ghost (adept DDFi)
 26835 | Vaults:1 | Noticed TuffENuff's ghost (veteran FoFi)
 26838 | Vaults:1 | Noticed vegansnacktivist's ghost (adept DDFi)
 26839 | Vaults:1 | Noticed garrulousMonolith's ghost (veteran GnFi)
 27009 | Vaults:1 | Killed Faiwewuo's ghost
 27034 | Vaults:1 | Killed SpeedRobin's ghost
 27074 | Vaults:1 | Killed Yloucecuu's ghost
 27075 | Vaults:1 | Reached skill level 16 in Shields
 27161 | Vaults:1 | Killed garrulousMonolith's ghost
 27211 | Vaults:1 | Killed TuffENuff's ghost
 27611 | Vaults:1 | Killed Dacon's ghost
 27646 | Vaults:1 | Killed vegansnacktivist's ghost
 27779 | Vaults:1 | Killed vegansnacktivist's ghost
 27903 | Vaults:1 | Gained mutation: You are very agile. (Dex +8, Str/Int -2)
                  | [hidden potential]
 27903 | Vaults:1 | Lost mutation: You have great hidden genetic potential.
                  | [hidden potential expressed]
 28316 | Vaults:2 | Reached skill level 17 in Shields
 28323 | Vaults:2 | Reached XP level 19. HP: 169/170 MP: 18/18
 28614 | Vaults:2 | Lost mutation: You have claws for feet. [Jiyva's grace]
 28614 | Vaults:2 | Lost mutation: You have razor-sharp toenails. [Jiyva's
                  | grace]
 28614 | Vaults:2 | Lost mutation: You have sharp toenails. [Jiyva's grace]
 28614 | Vaults:2 | Lost mutation: You have a somewhat thin skeletal structure.
                  | (Dex +2, Stealth+) [Jiyva's grace]
 28614 | Vaults:2 | Lost mutation: Your muscles are strong. (Str +4, Int/Dex
                  | -1) [Jiyva's grace]
 28614 | Vaults:2 | Lost mutation: Your movements are slightly less encumbered
                  | by armour. (ER -2) [Jiyva's grace]
 28614 | Vaults:2 | Lost mutation: Your melee attacks may engulf your foes in
                  | ooze. [Jiyva's grace]
 28614 | Vaults:2 | Gained mutation: Your spells are a little harder to cast,
                  | but a little more powerful. [Jiyva's grace]
 28614 | Vaults:2 | Gained mutation: Your spells are harder to cast, but more
                  | powerful. [Jiyva's grace]
 28614 | Vaults:2 | Gained mutation: Your spells are much harder to cast, but
                  | much more powerful. [Jiyva's grace]
 28614 | Vaults:2 | Gained mutation: Your flesh is heat resistant. (rF+)
                  | [Jiyva's grace]
 29242 | Vaults:3 | Found a staircase to the Crypt.
 29242 | Vaults:3 | Found a basalt altar of Yredelemnul.
 29243 | Vaults:3 | Found an ancient bone altar of Kikubaaqudgha.
 29618 | Vaults:3 | Lost mutation: You are very agile. (Dex +8, Str/Int -2)
                  | [Jiyva's grace]
 29618 | Vaults:3 | Lost mutation: Your flesh is heat resistant. (rF+) [Jiyva's
                  | grace]
 29618 | Vaults:3 | Lost mutation: Your body has grown many eyes which may
                  | confuse attackers. (Acc +5) [Jiyva's grace]
 29618 | Vaults:3 | Lost mutation: You have a small jelly attached to you that
                  | senses nearby items. [Jiyva's grace]
 29618 | Vaults:3 | Gained mutation: Your mind is acute. (Int +4, Str/Dex -1)
                  | [Jiyva's grace]
 29618 | Vaults:3 | Gained mutation: Your mind is very acute. (Int +8, Str/Dex
                  | -2) [Jiyva's grace]
 29618 | Vaults:3 | Gained mutation: Your muscles are strong. (Str +4, Int/Dex
                  | -1) [Jiyva's grace]
 29618 | Vaults:3 | Gained mutation: Your muscles are very strong. (Str +8,
                  | Int/Dex -2) [Jiyva's grace]
 29815 | Vaults:3 | Found Cemiprui's Weapon Boutique.
 30038 | Vaults:4 | Reached skill level 18 in Shields
 30045 | Vaults:4 | Gained mutation: You have large cloven feet. [hidden
                  | potential]
 30129 | Vaults:4 | Identified the amulet of Xom's Capriciousness {Spirit
                  | Contam Rampage rPois rF+++}
 30188 | Vaults:4 | Found Miukko's Antique Weapon Boutique.
 31013 | Vaults:4 | Found a transporter.
 31013 | Vaults:4 | Found a transporter.
 31020 | Vaults:4 | Noticed rgbqcd's ghost (veteran MiBe)
 31023 | Vaults:4 | Noticed PanSaczeczos's ghost (adept SpHu)
 31034 | Vaults:4 | Noticed a golden dragon
 31257 | Vaults:4 | Reached XP level 20. HP: 176/182 MP: 19/19
 31346 | Vaults:4 | Identified the +7 dagger of Bikhoby {flame, rPois Str+4
                  | Dex-5}
 31690 | Vaults:4 | Killed rgbqcd's ghost
 31692 | Vaults:4 | Killed a golden dragon
 31701 | Vaults:4 | Killed PanSaczeczos's ghost
 32132 | Elf:1    | Entered Level 1 of the Elven Halls
 32156 | Elf:1    | Found a radiant altar of Vehumet.
 32458 | Elf:1    | Lost mutation: Your mind is very acute. (Int +8, Str/Dex
                  | -2) [Jiyva's grace]
 32458 | Elf:1    | Lost mutation: Your spells are much harder to cast, but
                  | much more powerful. [Jiyva's grace]
 32458 | Elf:1    | Lost mutation: Your body has grown eyes which may confuse
                  | attackers. (Acc +3) [Jiyva's grace]
 32458 | Elf:1    | Gained mutation: You are strong-willed. (Will+) [Jiyva's
                  | grace]
 32458 | Elf:1    | Gained mutation: You are highly strong-willed. (Will++)
                  | [Jiyva's grace]
 32458 | Elf:1    | Gained mutation: You are extremely strong-willed. (Will+++)
                  | [Jiyva's grace]
 32458 | Elf:1    | Gained mutation: You have great hidden genetic potential.
                  | [Jiyva's grace]
 32708 | Elf:1    | Reached skill level 19 in Shields
 32752 | Elf:1    | Found a runed translucent gate.
 32752 | Elf:1    | Found a runed translucent gate.
 32754 | Elf:1    | Found a runed translucent gate.
 32847 | Elf:1    | Gained mutation: You have hoof-like feet. [hidden
                  | potential]
 32847 | Elf:1    | Lost mutation: You have great hidden genetic potential.
                  | [hidden potential expressed]
 32907 | Elf:1    | Found a runed translucent gate.
 32907 | Elf:1    | Found a runed translucent gate.
 32907 | Elf:1    | Found a runed translucent gate.
 32907 | Elf:1    | Found a runed translucent gate.
 32907 | Elf:1    | Found a runed translucent gate.
 32909 | Elf:1    | Found a runed translucent gate.
 32923 | Elf:1    | Got the Treatise on Massed Chilblains
 33097 | Elf:1    | Reached skill level 15 in Evocations
 33099 | Elf:1    | Found a runed translucent gate.
 33099 | Elf:1    | Found a runed translucent gate.
 33101 | Elf:1    | Noticed ioannis32's ghost (adept DsBe)
 33103 | Elf:1    | Found a runed translucent gate.
 33181 | Elf:2    | Found Idonigal's Armour Boutique.
 33431 | Elf:2    | Paralysed by an air elemental for 1 turns
 33582 | Elf:2    | Reached XP level 21. HP: 194/194 MP: 20/20
 33600 | Elf:2    | Found a runed translucent gate.
 33601 | Elf:2    | Found a runed translucent gate.
 33601 | Elf:2    | Found a runed translucent gate.
 33762 | Elf:2    | Reached skill level 15 in Dodging
 34075 | Elf:3    | Entered Level 3 of the Elven Halls
 34157 | Elf:3    | Reached skill level 20 in Shields
 34177 | Elf:3    | Found a radiant altar of Vehumet.
 34294 | Elf:3    | Lost mutation: You have hoof-like feet. [Jiyva's grace]
 34294 | Elf:3    | Lost mutation: You are extremely strong-willed. (Will+++)
                  | [Jiyva's grace]
 34294 | Elf:3    | Lost mutation: You heal very quickly. [Jiyva's grace]
 34294 | Elf:3    | Lost mutation: Your natural rate of healing is unusually
                  | fast. [Jiyva's grace]
 34294 | Elf:3    | Lost mutation: Your muscles are very strong. (Str +8,
                  | Int/Dex -2) [Jiyva's grace]
 34294 | Elf:3    | Lost mutation: Your spells are harder to cast, but more
                  | powerful. [Jiyva's grace]
 34294 | Elf:3    | Lost mutation: Your translucent skin slightly reduces your
                  | foes' accuracy. (Stealth+) [Jiyva's grace]
 34294 | Elf:3    | Lost mutation: You have hidden genetic potential. [Jiyva's
                  | grace]
 34294 | Elf:3    | Lost mutation: You have a small jelly attached to you that
                  | may absorb projectiles. [Jiyva's grace]
 34294 | Elf:3    | Gained mutation: You have a small jelly attached to you
                  | that may absorb projectiles. [Jiyva's grace]
 34294 | Elf:3    | Gained mutation: Your translucent skin slightly reduces
                  | your foes' accuracy. (Stealth+) [Jiyva's grace]
 34294 | Elf:3    | Gained mutation: Your translucent skin reduces your foes'
                  | accuracy. (Stealth+) [Jiyva's grace]
 34294 | Elf:3    | Gained mutation: Your transparent skin significantly
                  | reduces your foes' accuracy. (Stealth+) [Jiyva's grace]
 34403 | Elf:3    | Found Qaiviul's Jewellery Emporium.
 34979 | Elf:3    | Identified the +9 falchion of the Abyss {flame, rElec Str+3
                  | Int+3}
 35008 | Elf:3    | Got Zinacw's Quarto of the Jinx
 35056 | Elf:3    | Identified the +6 war axe "Zaom" {spect, rF+ Will+}
 35064 | Elf:3    | Identified the +8 whip of Conformity {flame, rCorr}
 35075 | Elf:3    | Identified the +4 whip of Prudence {protect, rPois Int+4}
 35082 | Elf:3    | Identified the +9 scale mail "Keceh" {Harm Int+5}
 35478 | Depths:1 | Entered Level 1 of the Depths
 35876 | Depths:1 | Found a gateway to Hell.
 36168 | Depths:2 | Reached skill level 21 in Shields
 36234 | Depths:2 | Found a one-way gate leading to the halls of Pandemonium.
 36352 | Depths:2 | Reached XP level 22. HP: 208/209 MP: 19/21
 36367 | Depths:2 | Lost mutation: You have large cloven feet. [Jiyva's grace]
 36367 | Depths:2 | Lost mutation: You are highly strong-willed. (Will++)
                  | [Jiyva's grace]
 36367 | Depths:2 | Lost mutation: You are strong-willed. (Will+) [Jiyva's
                  | grace]
 36367 | Depths:2 | Lost mutation: Your transparent skin significantly reduces
                  | your foes' accuracy. (Stealth+) [Jiyva's grace]
 36367 | Depths:2 | Gained mutation: Your transparent skin significantly
                  | reduces your foes' accuracy. (Stealth+) [Jiyva's grace]
 36367 | Depths:2 | Gained mutation: Your muscles are very strong. (Str +8,
                  | Int/Dex -2) [Jiyva's grace]
 36367 | Depths:2 | Gained mutation: Your flesh is cold resistant. (rC+)
                  | [Jiyva's grace]
 36367 | Depths:2 | Gained mutation: Your flesh is very cold resistant. (rC++)
                  | [Jiyva's grace]
 36679 | Depths:2 | Identified the ring "Plog" {rPois rC+ Will+ Str+2}
 36680 | Depths:2 | Identified the +0 ring mail of Inviolability {Fly rF- rC-
                  | Str+9}
 36827 | Depths:2 | Found Xetekh's Book Shoppe.
 36827 | Depths:2 | Found Keygickesupt's Jewellery Boutique.
 36828 | Depths:2 | Found Xiucliti's Jewellery Boutique.
 37014 | Depths:3 | Found a one-way gateway to a ziggurat.
 37021 | Depths:3 | Noticed a golden dragon
 37033 | Depths:3 | Killed a golden dragon
 37061 | Depths:3 | Found Buokuref's Armour Shoppe.
 37265 | Depths:3 | Noticed Margery
 37272 | Depths:3 | Killed Margery
 37343 | Depths:3 | Got the Anthology of Ensorcelling and Open Graves
 37355 | Depths:3 | Found a shimmering blue altar of Sif Muna.
 37375 | Depths:3 | Noticed a dread lich
 37382 | Depths:3 | Noticed a dread lich
 37388 | Depths:3 | Killed a dread lich
 37392 | Depths:3 | Paralysed by something for 2 turns
 37395 | Depths:3 | Killed a dread lich
 37409 | Depths:3 | Got Utwotu's Folio of Alluring Arson
 37411 | Depths:3 | Got the Directory of Anarchy
 37427 | Depths:3 | Got Sif Muna's Almanac of Blight and Turbulence
 37429 | Depths:3 | Got the Parchment of Geometry and the Congregation
 37487 | Depths:3 | Identified the +1 ice dragon scales of Distant Shores
                  | {rPois rF- rC++ SInv}
 37520 | Depths:3 | Got the Annotations on Accelerants
 37534 | Depths:3 | Got the Catalogue of the Figure and Voltage
 37900 | Depths:4 | Entered Level 4 of the Depths
 38032 | Depths:4 | Noticed a golden dragon
 38045 | Depths:4 | Killed a golden dragon
 38086 | Depths:4 | Reached skill level 22 in Shields
 38098 | Depths:4 | Lost mutation: Your mind is acute. (Int +4, Str/Dex -1)
                  | [Jiyva's grace]
 38098 | Depths:4 | Lost mutation: Your spells are a little harder to cast, but
                  | a little more powerful. [Jiyva's grace]
 38098 | Depths:4 | Gained mutation: You have a pair of large horns on your
                  | head. [Jiyva's grace]
 38098 | Depths:4 | Gained mutation: Your body has grown eyes which may confuse
                  | attackers. (Acc +3) [Jiyva's grace]
 38098 | Depths:4 | Gained mutation: Your body has grown many eyes which may
                  | confuse attackers. (Acc +5) [Jiyva's grace]
 38098 | Depths:4 | Gained mutation: Your body is covered in eyes which may
                  | confuse attackers. (Acc +7, SInv) [Jiyva's grace]
 38237 | Depths:4 | Acquired the +0 pair of gloves of the Black Moon {SInv}
 38536 | Depths:4 | Noticed a golden dragon
 38545 | Depths:4 | Killed a golden dragon
 38619 | Depths:4 | Found a gate to the Realm of Zot.
 38626 | Zot:1    | Entered Level 1 of the Realm of Zot
 38650 | Zot:1    | Noticed a golden dragon
 38660 | Zot:1    | Killed a golden dragon
 38753 | Zot:1    | Found a runed translucent gate.
 38753 | Zot:1    | Found a runed translucent gate.
 38753 | Zot:1    | Found a runed translucent gate.
 38884 | Zot:1    | Noticed a golden dragon
 38898 | Zot:1    | Killed a golden dragon
 38902 | Zot:1    | Reached XP level 23. HP: 203/220 MP: 19/22
 39226 | Zot:1    | Noticed PanSaczeczos's ghost (legendary KoFi)
 39226 | Zot:1    | Noticed a curse toe
 39569 | Zot:2    | Identified the ring of Juileune {Ice Int-2 Dex+4}
 39569 | Zot:2    | Noticed Josephina
 39569 | Zot:2    | Noticed a Killer Klown
 39583 | Zot:2    | Killed Josephina
 39589 | Zot:2    | Killed a Killer Klown
 39881 | Zot:2    | Noticed a curse toe
 39899 | Zot:2    | Killed a curse toe
 40388 | Zot:3    | Lost mutation: Your muscles are very strong. (Str +8,
                  | Int/Dex -2) [Jiyva's grace]
 40388 | Zot:3    | Lost mutation: You have a small jelly attached to you that
                  | may absorb projectiles. [Jiyva's grace]
 40388 | Zot:3    | Gained mutation: Your muscles are very strong. (Str +8,
                  | Int/Dex -2) [Jiyva's grace]
 40388 | Zot:3    | Gained mutation: You are somewhat resistant to further
                  | mutation. [Jiyva's grace]
 40388 | Zot:3    | Gained mutation: You are somewhat resistant to both further
                  | mutation and mutation removal. [Jiyva's grace]
 40388 | Zot:3    | Gained mutation: You are almost entirely resistant to
                  | further mutation and mutation removal. [Jiyva's grace]
 41211 | Zot:4    | Reached skill level 23 in Shields
 42099 | Zot:5    | Entered Level 5 of the Realm of Zot
 42258 | Zot:5    | Noticed a curse toe
 42268 | Zot:5    | Killed a curse toe
 42529 | Zot:5    | Reached XP level 24. HP: 233/233 MP: 22/22
 42664 | Zot:5    | Noticed an orb of fire
 42688 | Zot:5    | Killed an orb of fire
 42725 | Zot:5    | Noticed a Killer Klown
 42731 | Zot:5    | Noticed a Killer Klown
 42756 | Zot:5    | Killed a Killer Klown
 42770 | Zot:5    | Killed a Killer Klown
 42826 | Zot:5    | Noticed an orb of fire
 42836 | Zot:5    | Killed an orb of fire
 42845 | Zot:5    | Noticed a Killer Klown
 42849 | Zot:5    | Noticed a Killer Klown
 42859 | Zot:5    | Killed a Killer Klown
 42863 | Zot:5    | Killed a Killer Klown
 42962 | Zot:5    | Noticed a Killer Klown
 42980 | Zot:5    | Killed a Killer Klown
 43143 | Zot:5    | Noticed a Killer Klown
 43146 | Zot:5    | Noticed a Killer Klown
 43164 | Zot:5    | Noticed an orb of fire
 43164 | Zot:5    | Noticed a Killer Klown
 43165 | Zot:5    | Noticed a dread lich
 43167 | Zot:5    | Noticed an orb of fire
 43170 | Zot:5    | Killed a Killer Klown
 43179 | Zot:5    | Noticed a dread lich
 43180 | Zot:5    | Killed a dread lich
 43187 | Zot:5    | Killed an orb of fire
 43197 | Zot:5    | Killed a dread lich
 43198 | Zot:5    | Reached skill level 24 in Shields
 43198 | Zot:5    | Killed a Killer Klown
 43213 | Zot:5    | Killed an orb of fire
 43225 | Zot:5    | Got the Orb of Zot
 43981 | D:7      | Noticed Ico Qecs the pandemonium lord
 44112 | D:$      | Escaped with the Orb!

Illustrated notes

Levels and vault maps discovered:
D:1:      heliophobic_arrival_battle_scene, layout_loops_cross,
          shapermc_ecumenical_altar_mp_highgroup,
          nicolae_kite_square_tiling_tiny
D:2:      layout_basic, basic_altar, nicolae_nh_oracle_at_delphi, uniq_terence,
          uniq_crazy_yiuf_cottage
D:3:      minmay_diamond_boxcup, layout_basic, portal_sewer_entry_d,
          chequers_big_river, nrook_mini_vaults, grunt_ministairs_12,
          uniq_jessica
D:4:      layout_cave_pools, nemelex_spade_bored_becter,
          minmay_temple_entry_overgrown
D:5:      layout_cave_pools, st_stairs_10, sword_in_stone, uniq_ijyb
D:6:      layout_layer_cave, okawaru_altar_gauntlet_db, serial_shops, shop,
          nicolae_shop_fire_sale [nicolae_sub_dead_trees],
          dreamdust_wishing_well, kennysheep_generic_room_2
D:7:      layout_loops_cross, enter_bailey_6, hangedman_minor_gate_pass,
          uniq_duvessa
D:8:      hangedman_cross_stitches, layout_basic,
          mainiacjoe_overflow_surrounded_room, uniq_grum
D:9:      layout_basic, mainiacjoe_overflow_alcove_4, erik_lair_dragon,
          serial_shops, shop, nicolae_shop_trees, kennysheep_mini_moat,
          kennysheep_little_box
D:10:     layout_basic, nicolae_elevator_lobby_asterisk
D:11:     layout_stronghold, orc_0_dummy, chequers_serial_rivers_marsh,
          minmay_unpleasant_kobolds
D:12:     minmay_the_grid_3x2 [minmay_the_grid_zigzag_pyramid,
          minmay_the_grid_empty, minmay_the_grid_tree, minmay_the_grid_box_x,
          minmay_the_grid_pillar_ring, minmay_the_grid_prize_shrinking_boxes],
          layout_basic, enter_trove_0
D:13:     mludivico_vault, layout_rooms, david_vaults_4, portal_ice_cave_rime,
          uniq_erolcha
D:14:     layout_roguey, uniq_agnes
D:15:     gammafunk_enter_depths_forms, layout_irregular_city,
          nicolae_dithmenos_the_darkroom, uniq_azrael, uniq_roxanne
Lair:1:   layout_regular_city, gammafunk_ghost_abyssal_escape,
          lemuel_fruit_tree, grunt_megastairs_5, serial_bayou_shore_b
Lair:2:   layout_long_grid, nicolae_swamp_entry_splash_gauntlet,
          minmay_snake_entry_guardpost_large, st_stairs_3,
          grunt_forest_stairs_clearing
Lair:3:   lemuel_reptile_caves, layout_cave_pods, special_room
          [special_room_bee], evilmike_ambush [evilmike_ambush_outer_pillars,
          evilmike_ambush_inner_basic]
Lair:4:   layout_regular_city, chequers_serial_rivers_micro_a,
          grunt_megastairs_1
Lair:5:   hellmonk_lair_end_abyssal_woods, layout_gridlike,
          nicolae_slime_entry_slimehenge, lemuel_fruit_fields
Swamp:1:  layout_falls_marsh, infiniplex_staircase_pool,
          statue_in_the_mist_lemuel, nicolae_swamp_stuck_in_the_mud
Swamp:2:  layout_basic_swamp, evilmike_swamp_ruin_house_3
Swamp:3:  layout_basic_swamp, evilmike_swamp_ruin_house_5
Swamp:4:  swamp_old_school, layout_basic_swamp, swamp_pool1,
          nicolae_swamp_bean_lake
Snake:1:  layout_misc_corridors, serial_shops, freezing_bzr
Snake:2:  layout_misc_corridors, nicolae_integral_box, uniq_aizul
Snake:3:  layout_chambers, uniq_bai_suzhen
Snake:4:  hellmonk_snake_rune_quicksilver_temple, layout_basic,
          grunt_megastairs_2
Slime:1:  layout_caves
Slime:2:  layout_caves, nicolae_slime_phagocytosis, uniq_dissolution
Slime:3:  layout_caves
Slime:4:  layout_caves
Slime:5
Orc:1:    layout_caves, serial_shops, nicolae_shop_hallway_stairs
Orc:2:    grunt_orc_tribal_feast, layout_caves, serial_shops, shop
Elf:1:    eino_elf_arrival_altar, layout_geoelf_grid,
          ploomutoo_gammafunk_ghost_potion_laboratory, orc_legates
Elf:2:    nicolae_elf_blades_splatter_lattice
          [nicolae_blade_entry_hurt_lockers], layout_loops_ring, serial_shops,
          shop, special_room [special_room_orc]
Elf:3:    elf_hall, layout_loops_cross, basic_altar, serial_shops,
          nicolae_shop_back_alley_shop
Vaults:1: gammafunk_ghost_door_vault, vaults_mumra_chevron_long,
          nicolae_vaults_double_plus_3, v_misc_17, grunt_vaults_funnel,
          grunt_vaults_diagonal, nicolae_vaults_sesquioval_fish,
          nicolae_vaults_enemy_cabinets, v_misc_11,
          nicolae_vaults_specimen_jars, ontoclasm_vaults_chip,
          nicolae_vaults_sesquioval_fish, layout_vaults_big_room,
          uniq_saint_roka
Vaults:2: nicolae_vaults_trapezoid_2, nicolae_vaults_little_squares_3,
          v_misc_17, nicolae_vaults_three_branches, vaults_dpeg_ring,
          vaults_room_pool, nicolae_vaults_frosty_reception,
          hangedman_vaults_stretched_pinwheel, ontoclasm_vaults_bender,
          nicolae_vaults_house_2, hangedman_vaults_corner_blocks,
          nicolae_vaults_two_Ls, nicolae_vaults_tetromino_L_1,
          ontoclasm_vaults_spin, v_misc_22, nicolae_vaults_trapezoid_lopsided_2,
          layout_vaults_ring
Vaults:3: vaults_room_fours, minmay_crypt_entry_necro_gods,
          nicolae_vaults_steering_wheel, nicolae_vaults_six-pack, v_misc_22,
          nicolae_vaults_tetromino_Z_1, nicolae_vaults_tetromino_T_1,
          st_lattice, nicolae_vaults_stairing_the_circle, v_misc_11,
          layout_vaults_omnicross, serial_shops, shop
Vaults:4: nzn_ghost_randoct, v_misc_22, nicolae_vaults_weapon_check,
          nicolae_vaults_double_plus_1, v_misc_2, nicolae_vaults_network_square,
          v_alt_pattern_2, v_misc_29, nicolae_vaults_shipping_containers_3,
          vaults_mumra_minichess, nicolae_vaults_oval_intersection,
          layout_vaults_maze_bifur, serial_shops, shop_statue
Depths:1: layout_cave_pools, hangedman_abyss_or_decor_clamps,
          abyss_entry_glasseish, pf_vacation_house_of_asmodeus,
          dpeg_stationary_puzzle
Depths:2: cross_vault, layout_gridlike, hell_entry, grunt_pan_entry_spiral,
          roderic_filled_cross, minmay_staircase_statues, minmay_shop_grove
Depths:3: evilmike_library_of_no_secrets, layout_cave_shapes, enter_ziggurat_b,
          hell_entry, serial_shops, nicolae_shop_window_shopping,
          marbit_kobold_abyss_entry, uniq_margery
Depths:4: evilmike_zot_entry_hall, layout_basic, chequers_decorated_corner,
          hell_entry, nicolae_keep_em_comin, serial_bayou_shore_b,
          serial_bayou_shore_b, serial_bayou_shore_b
Zot:1:    kennysheep_six_static_rooms, layout_misc_corridors,
          gammafunk_ghost_necromancy, grunt_ministairs_14,
          st_single_dragon_hoard_3, st_stairs_6
Zot:2:    layout_basic, uniq_josephina
Zot:3:    layout_cathedral_of_symmetry
Zot:4:    layout_basic, guppyfry_library_mini
Zot:5:    layout_gridlike

Skill      XL: |  1  2  3  4  5  6  7  8  9 10 11 12 13 14 15 16 17 18 19 20 21 22 23 24 |
---------------+-------------------------------------------------------------------------+-----
Axes           | 3 4 5 6 7 9 10 12 14 15 17 18 | 18.0
Fighting       | 4 5 6 7 8 9 10 11 12 13 15 16 18 19 21 22 23 | 23.1
Armour         | 4 5 6 7 9 10 11 13 14 15 17 18 19 20 21 22 23 | 23.1
Shields        | 4 5 6 8 9 10 11 12 13 14 15 17 18 19 21 22 23 24 | 24.0
Throwing       | 2 3 4 5 6 7 8 |  8.0
Dodging        | 2 3 4 5 6 8 11 12 13 14 16 17 18 19 | 19.4
Evocations     | 2 3 4 5 7 8 9 11 12 13 14 15 16 17 | 17.3
Stealth        | 3 5 7 8 |  8.0

Action                     |  1- 3 |  4- 6 |  7- 9 | 10-12 | 13-15 | 16-18 | 19-21 | 22-24 || total
---------------------------+-------+-------+-------+-------+-------+-------+-------+-------++-------
  Melee: War axe           |    69 |   124 |   167 |       |       |       |       |       ||   360
         Headbutt          |    10 |    11 |    37 |    84 |   180 |   329 |   376 |   404 ||  1431
         Broad axe         |       |       |    37 |   497 |   870 |   981 |  1357 |  1181 ||  4923
         Bite              |       |       |     2 |    42 |    10 |       |       |       ||    54
         Kick              |       |       |       |    27 |   176 |   168 |    32 |       ||   403
         Spear             |       |       |       |       |    18 |    95 |       |       ||   113
         Unarmed           |       |       |       |       |       |       |       |     8 ||     8
  Throw: Dart              |       |     2 |    32 |    16 |    22 |    33 |       |     1 ||   106
         Boomerang         |       |       |       |    25 |     5 |       |       |       ||    30
 Invoke: Oozemancy         |       |     1 |       |     3 |     1 |    11 |     8 |     3 ||    27
         Slimify           |       |       |     1 |       |       |     2 |     1 |       ||     4
  Evoke: Wand              |       |       |     1 |     4 |    12 |     2 |     1 |       ||    20
         Box of beasts     |       |       |       |       |       |       |     1 |       ||     1
    Use: Scroll            |     3 |     6 |     3 |     8 |    11 |     5 |     4 |    14 ||    54
         Potion            |     1 |     1 |       |     2 |       |     5 |     2 |     4 ||    15
   Stab: Distracted        |       |       |       |     1 |       |     2 |     2 |       ||     5
         Confused          |       |       |       |       |     7 |    16 |     9 |    16 ||    48
         Sleeping          |       |       |       |       |       |     2 |     2 |       ||     4
         Paralysed         |       |       |       |       |       |       |     1 |       ||     1
 Armour: Scale mail        |    30 |    59 |    14 |       |       |       |       |       ||   103
         Chain mail        |       |       |    39 |       |       |       |       |       ||    39
         Storm dragon scal |       |       |    23 |    50 |       |       |       |       ||    73
         Plate armour      |       |       |       |   184 |   335 |   320 |   316 |    59 ||  1214
         Gold dragon scale |       |       |       |       |       |       |       |   198 ||   198
  Dodge: Dodged            |    31 |    56 |    70 |   150 |   290 |   384 |   445 |   442 ||  1868
  Block: Buckler           |    17 |    30 |     3 |       |       |       |       |       ||    50
         Kite shield       |       |       |    59 |   203 |   388 |   229 |       |       ||   879
         Tower shield      |       |       |       |       |       |   548 |  1039 |   836 ||  2423
